 Dungeon Crawl Stone Soup version 0.23.1-42-g8abd8fc (webtiles) character file.

Game seed: 14552231460980288864

10671 doot the Brawler (level 11, -1/99 (101) HPs)
             Began as a Troll Monk on Mar 30, 2019.
             Was a High Priest of the Shining One.
             Slain by a red devil
             ... wielding a +3 demon trident of electrocution
             ... summoned by an orc sorcerer
             ... led by an orc knight
              (9 damage)
             ... on level 1 of the Orcish Mines.
             The game lasted 00:23:33 (8830 turns).

doot the Brawler (Troll Monk)                       Turns: 8830, Time: 00:23:34

HP:   -1/99 (101)   AC:  6    Str: 21    XL:     11   Next: 39%
MP:   10/10         EV: 13    Int:  6    God:    the Shining One [*****.]
Gold: 731           SH:  0    Dex: 15    Spells: 8/10 levels left

rFire    . . .     SeeInvis .     - Unarmed
rCold    . . .     Gourm    +   (no shield)
rNeg     + + .     Faith    .   a - +0 robe
rPois    .         Spirit   .   (helmet restricted)
rElec    .         Reflect  .   t - scarf {cloud immunity}
rCorr    .         Harm     .   (gloves unavailable)
MR       +....                  (boots unavailable)
Stlth    +.........             (no amulet)
HPRegen  0.66/turn              h - ring of wizardry
MPRegen  0.12/turn              D - ring of protection from magic

@: glowing
A: large, unfitting armour, claws 3, fast metabolism 3, gourmand, regeneration
1, shaggy fur 1, tough skin 3
a: Divine Shield, Cleansing Flame, Summon Divine Warrior, Renounce Religion


You were on level 1 of the Orcish Mines.
You worshipped the Shining One.
The Shining One was extremely pleased with you.
You were full.

You visited 3 branches of the dungeon, and saw 13 of its levels.
You also visited: Ossuary.

You collected 906 gold pieces.
You spent 175 gold pieces at shops.

Inventory:

Armour
 a - a +0 robe (worn)
 i - a +0 cloak
 t - a scarf of cloud immunity (worn)
Jewellery
 f - an uncursed ring of flight
 h - a ring of wizardry (left claw)
 m - an uncursed ring of protection from fire
 q - an uncursed ring of fire
 z - an uncursed ring of resist corrosion
 D - a ring of protection from magic (right claw)
Wands
 B - a wand of flame (15)
Scrolls
 j - a scroll of fear {unknown}
 k - a scroll of enchant weapon {unknown}
 r - 2 scrolls of amnesia {unknown}
 s - 10 scrolls of identify {unknown}
 u - a scroll of fog {unknown}
 v - 10 scrolls of remove curse
 y - 2 scrolls of magic mapping
 A - a scroll of blinking {unknown}
 C - a scroll of enchant armour {unknown}
Potions
 c - a potion of mutation {unknown}
 d - 4 potions of magic {unknown}
 e - 4 potions of flight {unknown}
 g - 2 potions of haste
 l - 5 potions of heal wounds {unknown}
 n - 2 potions of agility {unknown}
 o - 3 potions of curing {unknown}
 p - 2 potions of ambrosia {unknown}
 w - a potion of degeneration {unknown}
 x - a potion of berserk rage {unknown}
 E - a potion of lignification {unknown}
Comestibles
 b - 16 rations


   Skills:
 + Level 4.4 Fighting
 + Level 6.3 Dodging
 - Level 2.1 Stealth
 + Level 15.1 Unarmed Combat
 * Level 1.1 Invocations
 + Level 0.1 Evocations


You had 8 spell levels left.
You knew the following spells:

 Your Spells              Type           Power        Failure   Level  Hunger
a - Blink                 Tloc           N/A          28%         2    ###....

Your spell library contained the following spells:

 Spells                   Type           Power        Failure   Level  Hunger
 Animate Skeleton         Necr           N/A          21%         1    ##.....
 Corona                   Hex            #......      21%         1    ##.....
 Magic Dart               Conj           #...         21%         1    ##.....
 Pain                     Necr           #...         21%         1    ##.....
 Call Imp                 Summ           #.......     28%         2    ###....
 Slow                     Hex            #.......     28%         2    ###....
 Conjure Flame            Conj/Fire      #.......     50%         3    ####...
 Inner Flame              Hex/Fire       #.......     50%         3    ####...
 Mephitic Cloud           Conj/Pois/Air  #.......     50%         3    ####...
 Portal Projectile        Hex/Tloc       #.....       50%         3    ####...
 Regeneration             Chrm/Necr      #.........   50%         3    ####...
 Vampiric Draining        Necr           #.........   50%         3    ####...
 Animate Dead             Necr           N/A          86%         4    #####..
 Cause Fear               Hex            #.........   86%         4    #####..
 Leda's Liquefaction      Hex/Erth       #.........   86%         4    #####..


Dungeon Overview and Level Annotations

Branches:
Dungeon (11/15)            Temple (1/1) D:6             Orc (1/2) D:10
   Lair: D:8-11

Altars:
Ashenzari
Cheibriados
Dithmenos
Elyvilon
Fedhas
Gozag
Hepliaklqana
Kikubaaqudgha
Makhleb
Nemelex Xobeh
Okawaru
Qazlal
Ru
Sif Muna
Trog
Uskayaw
Vehumet
Wu Jian
Xom
Yredelemnul
Zin
The Shining One

Shops:
D:5 }   D:10 ?%*


Innate Abilities, Weirdness & Mutations

You are too large for most types of armour.
You have claws for hands.
Your metabolism is lightning-fast.
You like to eat raw meat.
Your natural rate of healing is unusually fast.
You are covered in fur. (AC +1)
You have extremely tough skin. (AC +3)


Message History

You scratch the orc but do no damage. The red devil closely misses you.
You mangle the orc!!
You kill the orc!
The orc hits you but does no damage. 2 orcs come into view.
The orc shouts! x2; You hear a shout! x2
The red devil hops backward while attacking.
The red devil hits you from afar with a +3 demon trident of electrocution!!
* * * LOW HITPOINT WARNING * * *
The orc hits you.
* * * LOW HITPOINT WARNING * * *
An orc comes into view. It is wielding a +0 mace.
An orc warrior comes into view. It is wielding a +0 hand axe.
The orc moves out of view.
The orc warrior shouts!
You hear a shout! x3
The orc shouts!
You mangle the orc sorcerer!! Your claw misses the orc sorcerer.
The orc sorcerer is heavily wounded.
The red devil hits you from afar with a +3 demon trident of electrocution!
You die...

## #### ## .#
####.####.$###..#
..##.#...#..........
......#.............
....................
..........4<.)..§...
........o..4^..$.4..
#...o@......>....
####.)o..........
###...........
...#....§..$
..oo#........
....#.....##.. ..o.
# .....


You could see an ice devil, an orc sorcerer, a red devil, an orc warrior and 4
orcs.

Vanquished Creatures
  A rakshasa (D:9)
  A death yak (D:10)
  Nergalle (D:10)
  Joseph (D:7)
  A gargoyle (D:10)
  A merfolk (D:9)
  A polar bear (D:10)
  2 hippogriffs
  A wyvern (D:7)
  6 yaks
  Eustachio (D:5)
  2 hungry ghosts
  5 wargs
  Menkaure (D:7)
  A sky beast (D:9)
  Purgy (D:3)
  2 phantoms
  3 orc warriors
  An eye of draining (D:9)
  5 ice beasts (D:10)
  7 ogres
  2 necrophages
  3 centaurs
  3 big kobolds
  An elf zombie (Ossuary)
  4 bullfrogs
  A wyvern zombie (D:8)
  3 scorpions
  A hornet simulacrum (D:10)
  A water moccasin skeleton (D:10)
  4 killer bees (D:10)
  5 wights (D:9)
  5 electric eels (D:10)
  4 howler monkeys
  3 crimson imps (D:10)
  2 quasits
  3 bullfrog skeletons
  2 jellies
  6 orc priests
  4 iguanas
  Crazy Yiuf (D:4)
  5 hounds
  Natasha (thrice) (D:3)
  2 orc wizards
  7 worker ants
  A bullfrog simulacrum (D:10)
  2 hound zombies
  2 hound skeletons
  2 mummies (Ossuary)
  A killer bee simulacrum (D:10)
  2 worker ant zombies
  7 gnolls (D:6)
  11 adders
  A shadow imp (D:2)
  8 white imps (D:10)
  An ufetubus (D:10)
  3 adder zombies
  3 worms
  3 dart slugs
  4 leopard geckos
  23 orcs
  A ball python (D:5)
  3 bats
  3 giant cockroaches
  4 gnoll zombies (Ossuary)
  6 goblins
  8 hobgoblins
  14 jackals
  7 quokkas
  6 frilled lizards
  4 goblin zombies (Ossuary)
  2 hobgoblin zombies (Ossuary)
  20 kobolds
  3 orc zombies (Ossuary)
  8 rats
283 creatures vanquished.

Notes
Turn   | Place    | Note
-------+----------+-------------------------------------------
     0 | D:1      | doot the Troll Monk began the quest for the Orb.
     0 | D:1      | Reached XP level 1. HP: 22/22 MP: 0/0
   447 | D:1      | Reached XP level 2. HP: 29/29 MP: 1/1
  1024 | D:2      | Found an iron altar of Okawaru.
  1052 | D:2      | Reached XP level 3. HP: 33/36 MP: 2/2
  1638 | D:2      | Found a hazy altar of Hepliaklqana.
  1711 | D:2      | Reached XP level 4. HP: 44/44 MP: 3/3
  1774 | D:3      | Found a shadowy altar of Dithmenos.
  1843 | D:3      | Noticed Purgy
  1855 | D:3      | Killed Purgy
  1855 | D:3      | Reached skill level 4 in Unarmed Combat
  1855 | D:3      | Reached XP level 5. HP: 51/53 MP: 4/4
  1940 | D:3      | Reached skill level 5 in Unarmed Combat
  2136 | D:3      | Noticed Natasha
  2150 | D:3      | Killed Natasha
  2150 | D:3      | Reached XP level 6. HP: 58/61 MP: 5/5
  2430 | D:3      | Noticed Natasha
  2437 | D:3      | Killed Natasha
  2477 | D:3      | Noticed Natasha
  2481 | D:3      | Killed Natasha
  2580 | D:4      | Found a runed translucent door.
  2581 | D:4      | Noticed Crazy Yiuf
  2589 | D:4      | Killed Crazy Yiuf
  2739 | D:4      | Reached skill level 6 in Unarmed Combat
  2800 | D:4      | Reached XP level 7. HP: 67/67 MP: 6/6
  3029 | D:5      | Entered Level 5 of the Dungeon
  3043 | D:5      | Found a glowing golden altar of the Shining One.
  3051 | D:5      | Found an ornate altar of the Wu Jian Council.
  3051 | D:5      | Found a shattered altar of Ashenzari.
  3052 | D:5      | Found a radiant altar of Vehumet.
  3058 | D:5      | Became a worshipper of the Shining One
  3058 | D:5      | Reached * piety under the Shining One
  3058 | D:5      | Reached ** piety under the Shining One
  3092 | D:6      | The Shining One protects you from harm!
  3093 | D:6      | Reached skill level 7 in Unarmed Combat
  3285 | D:6      | Found a staircase to the Ecumenical Temple.
  3452 | D:6      | Reached skill level 8 in Unarmed Combat
  3452 | D:6      | Reached XP level 8. HP: 75/75 MP: 7/7
  3584 | D:6      | Found a sand-covered staircase.
  3591 | Ossuary  | Entered an ossuary
  3652 | Ossuary  | Reached *** piety under the Shining One
  3842 | Temple   | Entered the Ecumenical Temple
  4231 | D:5      | Learned a level 2 spell: Blink
  4303 | D:5      | Noticed Eustachio
  4319 | D:5      | Killed Eustachio
  4319 | D:5      | Reached skill level 9 in Unarmed Combat
  4378 | D:5      | Found an opulent altar of Gozag.
  4458 | D:5      | Found Izxiraubb's Gadget Boutique.
  4724 | D:7      | Reached skill level 10 in Unarmed Combat
  4836 | D:7      | Noticed a hippogriff
  4845 | D:7      | Killed a hippogriff
  4850 | D:7      | Reached XP level 9. HP: 67/81 MP: 8/8
  5051 | D:7      | Noticed Menkaure
  5051 | D:7      | Reached **** piety under the Shining One
  5057 | D:7      | Noticed Joseph
  5058 | D:7      | Killed Menkaure
  5066 | D:7      | Killed Joseph
  5066 | D:7      | Reached skill level 11 in Unarmed Combat
  5124 | D:7      | Found a blossoming altar of Fedhas.
  5356 | D:8      | Found an ancient bone altar of Kikubaaqudgha.
  5359 | D:8      | Found a burning altar of Makhleb.
  5362 | D:8      | Found a stormy altar of Qazlal.
  5509 | D:8      | Reached skill level 12 in Unarmed Combat
  6225 | D:9      | Reached skill level 5 in Dodging
  6298 | D:9      | Reached XP level 10. HP: 84/90 MP: 9/9
  6477 | D:9      | Got a pitted dagger
  6478 | D:9      | Identified the +5 dagger "Laetutek" {antimagic, MP+9 Dex+3}
                  | (You found it on level 9 of the Dungeon)
  6835 | D:9      | Reached skill level 13 in Unarmed Combat
  6931 | D:9      | Noticed a rakshasa
  6979 | D:9      | Killed a rakshasa
  7244 | D:10     | Entered Level 10 of the Dungeon
  7279 | D:10     | Noticed a death yak
  7289 | D:10     | Killed a death yak
  7411 | D:10     | Reached ***** piety under the Shining One
  7425 | D:10     | Reached skill level 14 in Unarmed Combat
  7456 | D:10     | Found Xymekea's Assorted Antiques.
  7464 | D:10     | Bought a large glass ring for 175 gold pieces
  7516 | D:10     | Found Roroiff's Food Emporium.
  7553 | D:10     | Reached XP level 11. HP: 83/98 MP: 10/10
  7628 | D:10     | Found Maakhaqo's Magic Scroll Shoppe.
  7983 | D:10     | Noticed Nergalle
  8003 | D:10     | Killed Nergalle
  8149 | D:10     | Found a staircase to the Orcish Mines.
  8562 | D:10     | Reached skill level 15 in Unarmed Combat
  8741 | D:11     | Noticed a purple ugly thing
  8807 | Orc:1    | Entered Level 1 of the Orcish Mines
  8813 | Orc:1    | Noticed an orc sorcerer
  8821 | Orc:1    | Reached skill level 1 in Invocations
  8830 | Orc:1    | Slain by a red devil

Skill      XL: |  1  2  3  4  5  6  7  8  9 10 11 |
---------------+----------------------------------+-----
Fighting       | 3 4 |  4.4
Dodging        | 3 4 5 6 |  6.3
Unarmed Combat | 4 5 6 8 10 12 14 15 | 15.1
Stealth        | 2 |  2.1
Invocations    | 1 |  1.1
Evocations     | |  0.1

Action                   |  1- 3 |  4- 6 |  7- 9 | 10-12 || total
-------------------------+-------+-------+-------+-------++-------
Melee: Unarmed           |    75 |   107 |   294 |   292 ||   768
       Punch             |       |     5 |     7 |    16 ||    28
Evoke: Wand              |       |       |       |     4 ||     4
  Use: Scroll            |     4 |     1 |       |       ||     5
 Stab: Sleeping          |     6 |     2 |       |       ||     8
  Eat: Chunk             |    16 |    15 |    28 |    26 ||    85
Armor: Robe              |    21 |    32 |    73 |    53 ||   179
Dodge: Dodged            |    26 |    51 |   151 |   142 ||   370
